 Dungeon Crawl Stone Soup version 0.27-a0-988-g25969acef8 (webtiles) character file.

Game seed: 16248501126818257595

137 mightbedylan the Chopper (level 5, 0/47 HPs)
             Began as a Minotaur Berserker on Apr 16, 2021.
             Was a Follower of Trog.
             Succumbed to a water moccasin's poison
             ... on level 2 of the Dungeon.
             The game lasted 00:04:15 (1024 turns).

mightbedylan the Chopper (Minotaur Berserker)       Turns: 1024, Time: 00:04:16

Health: 0/47       AC:  9    Str: 22    XL:     5   Next: 0%
Magic:  4/4        EV:  8    Int:  4    God:    Trog [*.....]
Gold:   46         SH:  0    Dex: 10    Spells: 4/4 levels left

rFire    . . .     SeeInvis .   a - +0 hand axe
rCold    . . .     Faith    .   (no shield)
rNeg     . . .     Spirit   .   g - +0 chain mail
rPois    .         Reflect  .   (helmet restricted)
rElec    .         Harm     .   (no cloak)
rCorr    .         Rampage  .   (no gloves)
Will     .....                  (no boots)
Stlth    ..........             (no amulet)
HPRegen  0.15/turn              (no ring)
MPRegen  0.09/turn              (no ring)

@: lethally poisoned (0 -> -6), very slightly contaminated, invisible
A: horns 2, retaliatory headbutt
a: Renounce Religion, Berserk


You were on level 2 of the Dungeon.
You worshipped Trog.
Trog was aware of your devotion.
You visited 1 branch of the dungeon, and saw 2 of its levels.

You collected 46 gold pieces.

Inventory:

Hand Weapons
 a - a +0 hand axe (weapon)
 d - a +1 hunting sling of freezing
Armour
 b - a +0 animal skin
 g - a +0 chain mail (worn)
Jewellery
 h - a +6 ring of dexterity
Scrolls
 c - a scroll of enchant weapon {unknown}
 f - a scroll of magic mapping {unknown}
 i - a scroll of fog {unknown}


   Skills:
 + Level 4.6 Fighting
 + Level 5.5 Axes
 + Level 3.1 Armour
 + Level 2.7 Dodging
 + Level 0.2 Stealth


You had 4 spell levels left.
You didn't know any spells.
Your spell library was empty.

Dungeon Overview and Level Annotations

Branches:
Dungeon (2/15)

Altars:
Wu Jian


Innate Abilities, Weirdness & Mutations

You have a pair of horns on your head.
You reflexively headbutt those who attack you in melee.


Message History

The water moccasin is heavily wounded.
You feel very sick.
The water moccasin bites you but does no damage. x2
You slash the water moccasin!
The water moccasin is almost dead.
You feel sick. The water moccasin bites you.
You hit the water moccasin.
Your headbutt misses the water moccasin.
The water moccasin is almost dead.
You feel sick.
The water moccasin barely misses you. x2
You miss the water moccasin.
The water moccasin is almost dead.
You feel sick. The water moccasin closely misses you.
You closely miss the water moccasin.
Your headbutt misses the water moccasin.
The water moccasin is almost dead.
You feel sick. The water moccasin bites you.
* * * LOW HITPOINT WARNING * * *
You are lethally poisoned!
The water moccasin poisons you!
The water moccasin bites you but does no damage.
You hit the water moccasin.
You kill the water moccasin!
Trog accepts your kill.
* * * LOW HITPOINT WARNING * * *
You feel very sick.
Your Axes skill increases to level 5!
Your Armour skill increases to level 3!
You have reached level 4!
You feel agile.
You have reached level 5!
It was a potion of invisibility.
You fade into invisibility!
* * * LOW HITPOINT WARNING * * *
You feel very sick.
You are very lightly contaminated with residual magic.
* * * LOW HITPOINT WARNING * * *
You feel sick.
* * * LOW HITPOINT WARNING * * *
You feel sick.
You die...

#..._.
#.... #
#...
.###..##
...$..##
##.....##
##.......##
#....<....#
+@..†.....+
#.........#
##.......##
##.....##
##...##
##+##


There were no monsters in sight!

Vanquished Creatures
  A water moccasin (D:2)
  4 bats
  5 endoplasms (D:1)
  A giant cockroach (D:1)
  2 goblins (D:1)
  2 hobgoblins (D:1)
  6 jackals (D:1)
  A quokka (D:1)
  A frilled lizard (D:1)
  A kobold (D:1)
24 creatures vanquished.

Notes
Turn   | Place    | Note
-------+----------+-------------------------------------------
     0 | D:1      | mightbedylan the Minotaur Berserker began the quest for the
                  | Orb.
     0 | D:1      | Reached XP level 1. HP: 19/19 MP: 0/0
   167 | D:1      | Reached XP level 2. HP: 27/27 MP: 1/1
   236 | D:1      | Reached skill level 4 in Axes
   505 | D:1      | Found a faded altar of an unknown god.
   830 | D:1      | Reached XP level 3. HP: 33/33 MP: 2/2
  1006 | D:2      | Noticed a water moccasin
  1007 | D:2      | Found an ornate altar of the Wu Jian Council.
  1020 | D:2      | Killed a water moccasin
  1021 | D:2      | Reached skill level 5 in Axes
  1021 | D:2      | Reached XP level 4. HP: 6/41 MP: 3/3
  1021 | D:2      | Reached XP level 5. HP: 7/47 MP: 4/4
  1022 | D:2      | HP: 2/47 [poisoned by a water moccasin]
  1024 | D:2      | Succumbed to a water moccasin's poison

Illustrated notes

Levels and vault maps discovered:
D:1:      psy_arrival_radial02, layout_loops_ring,
          hellmonk_ecumenical_altar_zigzags, minmay_door_square, st_stairs_5
D:2:      layout_loops_corners, basic_altar

Skill      XL: |  1  2  3 |
---------------+----------+-----
Axes           | 4 5 |  5.5
Fighting       | 4 |  4.6
Armour         | 3 |  3.1
Dodging        | |  2.7
Stealth        | |  0.2

Action                   |  1- 3 |  4- 6 || total
-------------------------+-------+-------++-------
Melee: Hand axe          |    35 |       ||    35
       Headbutt          |     5 |       ||     5
Invok: Berserk           |     2 |       ||     2
  Use: Potion            |       |     1 ||     1
Armor: Animal skin       |     2 |       ||     2
       Chain mail        |    18 |       ||    18
Dodge: Dodged            |    23 |       ||    23

Table legend: (Time is in decaauts)
 A = Elapsed time spent in this place.
 B = Non-inter-level travel time spent in this place.
 C = Inter-level travel time spent in this place.
 D = Time resting spent in this place.
 E = Time spent auto-exploring this place.
 F = Levels seen in this place.
 G = Mean time per level.
                   A        B        C        D        E       F      G
               +--------+--------+--------+--------+--------+-----+--------+
         Total |   1046 |   1046 |      0 |      0 |    747 |   2 |  523.0 |
       Dungeon |   1046 |   1046 |      0 |      0 |    747 |   2 |  523.0 |
               +--------+--------+--------+--------+--------+-----+--------+

Top non-repeatable levels by time:
     D:1: 1027 daAuts
     D:2: 18 daAuts
